 Dungeon Crawl Stone Soup version 0.26-a0-154-g3d63440f56 (webtiles) character file.

Game seed: 8153566391936551229

488 Flugslaktarn the Stinger (level 7, 0/32 HPs)
             Began as a Vine Stalker Venom Mage on July 1, 2020.
             Was an Initiate of Cheibriados.
             Slain by a gnoll (3 damage)
             ... on level 5 of the Dungeon.
             The game lasted 00:06:35 (1290 turns).

Flugslaktarn the Stinger (Vine Stalker Venom Mage)  Turns: 1290, Time: 00:06:35

Health: 0/32       AC:  3    Str: 11    XL:     7   Next: 13%
Magic:  0/12       EV: 12    Int: 18    God:    Cheibriados [......]
Gold:   87         SH:  0    Dex: 19    Spells: 2/12 levels left

rFire    . . .     SeeInvis .   r - +9 hand axe of Wyrd {vorpal, Fragile rC+ Dex+3}
rCold    + . .     Faith    .   (no shield)
rNeg     . . .     Spirit   +   f - +0 leather armour
rPois    .         Reflect  .   (no helmet)
rElec    .         Harm     .   (no cloak)
rCorr    .                      (no gloves)
MR       .....                  (no boots)
Stlth    ++........             (no amulet)
HPRegen  0.50/turn              (no ring)
MPRegen  0.13/turn              (no ring)

@: very slightly contaminated, invisible, very slow
A: fangs 2, regeneration 1, magic shield, antimagic bite, no potion heal 3, rot
immunity
a: Bend Time, Renounce Religion


You were on level 5 of the Dungeon.
You worshipped Cheibriados.
Cheibriados was noncommittal.
You were not hungry.

You visited 2 branches of the dungeon, and saw 6 of its levels.

You collected 87 gold pieces.

Inventory:

Hand Weapons
 b - a +0 spear
   (You found it on level 1 of the Dungeon)
 e - a +0 whip
   (You took it off a kobold on level 1 of the Dungeon)
 i - a +0 dagger of speed
   (You found it on level 1 of the Dungeon)
 r - the +9 hand axe of Wyrd (weapon) {vorpal, Fragile rC+ Dex+3}
   (You found it on level 4 of the Dungeon)

   It inflicts extra damage upon your enemies.
   It affects your dexterity (+3).
   It protects you from cold.
   It will be destroyed if unequipped.
Armour
 a - a +0 robe
 f - a +0 leather armour (worn)
   (You found it on level 1 of the Dungeon)
Wands
 t - a wand of acid (7)
   (You found it on level 4 of the Dungeon)
Scrolls
 d - 6 scrolls of teleportation {unknown}
 j - a scroll of blinking {unknown}
 n - 2 scrolls of immolation {unknown}
 q - a scroll of remove curse {unknown}
 s - a scroll of enchant weapon {unknown}
Potions
 g - a potion of ambrosia {unknown}
 k - 2 potions of curing
 l - 2 potions of heal wounds
 m - a potion of lignification {unknown}
 o - a potion of cancellation {unknown}
 p - a potion of berserk rage {unknown}
 u - a potion of invisibility
Comestibles
 c - 6 rations


   Skills:
 - Level 1.5 Dodging
 - Level 2.4 Stealth
 - Level 3.0 Spellcasting
 - Level 1.0 Transmutations
 * Level 7.6 Poison Magic


You had 2 spell levels left.
You knew the following spells:

 Your Spells              Type           Power        Failure   Level  Hunger
a - Sting                 Tmut/Pois      ###.         3%          1    None
b - Poisonous Vapours     Pois/Air       ###...       7%          2    ##.....
c - Mephitic Cloud        Conj/Pois/Air  ##......     22%         3    ###....
d - Olgreb's Toxic Radia  Pois           ####....     10%         4    ####...

Your spell library contained the following spells:

 Spells                   Type           Power        Failure   Level  Hunger
 Corona                   Hex            #......      22%         1    None
 Ensorcelled Hibernation  Hex/Ice        #.....       32%         2    ##.....
 Ignite Poison            Fire/Tmut/Pois ##......     21%         3    ###....
 Confusing Touch          Hex            #.......     54%         3    ###....
 Dazzling Flash           Conj/Hex       #.....       54%         3    ###....
 Tukima's Dance           Hex            #.......     54%         3    ###....


Dungeon Overview and Level Annotations

Branches:
Dungeon (5/15)             Temple (1/1) D:5

Altars:
Ashenzari
Cheibriados
Dithmenos
Elyvilon
Fedhas
Gozag
Kikubaaqudgha
Makhleb
Nemelex Xobeh
Okawaru
Qazlal
Ru
Sif Muna
Trog
Uskayaw
Vehumet
Wu Jian
Xom
Yredelemnul
Zin
The Shining One


Innate Abilities, Weirdness & Mutations

You have extremely sharp teeth.
Your natural rate of healing is unusually fast.
When hurt, damage is shared between your health and your magic reserves.
Your bite disrupts and absorbs the magic of your enemies.
Potions cannot restore your health.
You are immune to rotting.


Message History

Found a fuming emerald potion. 3 gnolls come into view.
The gnoll shouts!
The gnoll barely misses you.
The gnoll shouts!
You see here a fuming emerald potion.
l - 3 fuming emerald potions (gained 1)
The gnoll closely misses you.
A gnoll comes into view. It is wielding a +0 spear.
The gnoll barely misses you. The gnoll hits you but does no damage.
The gnoll hits you from afar with a +0 spear.
The gnoll shouts!
Casting: Sting (safe; 3% risk of failure)
Confirm with . or Enter, or press ? or * to list all spells.
The spell is quite dangerous to cast (10% risk of failure)!
Continue anyway?
You miscast Olgreb's Toxic Radiance.
You are very lightly contaminated with residual magic.
Nothing appears to happen.
The gnoll hits you with a +0 spear.
The gnoll hits you from afar with a +0 spear!
The gnoll barely misses you.
Unknown command.
The gnoll closely misses you. The gnoll hits you with a +0 spear.
The gnoll hits you but does no damage.
Unknown command.
You hit the gnoll. Your bite misses the gnoll.
The gnoll is moderately wounded.
The gnoll hits you but does no damage.
Unknown command.
You slash the gnoll!
You kill the gnoll!
Cheibriados thoroughly appreciates the change of pace.
The gnoll hits you from afar with a +0 spear.
* * * LOW HITPOINT WARNING * * *
The gnoll misses you.
Okay, then.
It was a potion of heal wounds.
That seemed strangely inert.
The gnoll hits you from afar with a +0 spear.
* * * LOW HITPOINT WARNING * * *
The gnoll hits you.
* * * LOW HITPOINT WARNING * * *
As you read the scroll labeled QYTAUN RIEWEN, it crumbles to dust.
It is a scroll of identify.
u - 2 potions of invisibility The gnoll hits you from afar with a +0 spear!
* * * LOW HITPOINT WARNING * * *
The gnoll completely misses you.
Unknown command.
You fade into invisibility!
The gnoll barely misses you. The gnoll hits you.
You die...

##.# .#..........#.#..#
.#.##.######.....#.#..##
....<.# ................
.#######.####.##.#.#####
## #......# ...#
####.#### .#.# #......g#
....# #.##g##.# .#.... #
#@##.# ...###. #..gg#
.#.# ####.# ...# #


You could see 3 gnolls.

Vanquished Creatures
  A howler monkey (D:4)
  3 orc priests
  A hound (D:4)
  An iguana (D:4)
  4 orc wizards
  3 centaur skeletons
  A gnoll (D:5)
  3 adders
  2 dart slugs
  2 worms (D:2)
  A leopard gecko (D:4)
  10 orcs
  2 giant cockroaches
  4 goblins
  6 hobgoblins
  7 jackals
  A quokka (D:4)
  A ball python (D:2)
  3 bats
  4 frilled lizards
  6 kobolds
  A leopard gecko zombie (D:5)
  3 rats
70 creatures vanquished.

Notes
Turn   | Place    | Note
-------+----------+-------------------------------------------
     0 | D:1      | Flugslaktarn the Vine Stalker Venom Mage began the quest
                  | for the Orb.
     0 | D:1      | Reached XP level 1. HP: 9/9 MP: 4/4
   177 | D:1      | Reached XP level 2. HP: 9/13 MP: 4/6
   379 | D:2      | Reached XP level 3. HP: 14/16 MP: 2/7
   405 | D:2      | Learned a level 2 spell: Poisonous Vapours
   409 | D:2      | Learned a level 3 spell: Mephitic Cloud
   427 | D:2      | Reached skill level 4 in Poison Magic
   622 | D:3      | Gained mutation: Your natural rate of healing is unusually
                  | fast. [Vine Stalker growth]
   622 | D:3      | Reached XP level 4. HP: 17/21 MP: 3/9
   764 | D:4      | Reached skill level 5 in Poison Magic
   764 | D:4      | Reached XP level 5. HP: 12/24 MP: 2/10
   807 | D:4      | Got a masterwork hand axe
   808 | D:4      | Identified the +9 hand axe of Wyrd {vorpal, Fragile rC+
                  | Dex+3} (You found it on level 4 of the Dungeon)
   831 | D:3      | Reached skill level 6 in Poison Magic
   831 | D:3      | Reached XP level 6. HP: 25/28 MP: 8/11
  1097 | D:5      | Entered Level 5 of the Dungeon
  1125 | D:5      | Reached skill level 7 in Poison Magic
  1138 | D:5      | Found a staircase to the Ecumenical Temple.
  1151 | Temple   | Entered the Ecumenical Temple
  1190 | Temple   | Became a worshipper of Cheibriados the Contemplative
  1235 | D:5      | Reached XP level 7. HP: 14/32 MP: 5/12
  1258 | D:5      | Learned a level 4 spell: Olgreb's Toxic Radiance
  1290 | D:5      | Slain by a gnoll

Illustrated notes

Levels and vault maps discovered:
D:1:      enne_arrival_octagon_isle, layout_loops_corners,
          minmay_misc_feat_enclosed, chequers_serial_rivers_small_a
D:2:      layout_basic, minivault_26, kennysheep_generic_room_3
D:3:      layout_rooms
D:4:      layout_layer_cave, first_ration, minmay_splitting_lines
D:5:      layout_loops_cross, minmay_temple_entry_large_hall, serial_glass,
          glass_columns_b, glass_columns_a
Temple:   kilobyte_greek_temple

Skill      XL: |  1  2  3  4  5  6 |
---------------+-------------------+-----
Poison Magic   | 4 5 6 7 |  7.6
Spellcasting   | 3 |  3.0
Dodging        | |  1.5
Stealth        | |  2.4
Transmutations | |  1.0

Action                   |  1- 3 |  4- 6 |  7- 9 || total
-------------------------+-------+-------+-------++-------
Melee: Spear             |    13 |       |       ||    13
       Bite              |    11 |    16 |     3 ||    30
       Dagger            |    52 |    40 |       ||    92
       Hand axe          |       |    34 |    10 ||    44
 Cast: Sting             |    43 |    21 |       ||    64
       Poisonous Vapours |       |     5 |       ||     5
  Use: Potion            |       |     1 |     2 ||     3
       Scroll            |       |       |     1 ||     1
 Stab: Sleeping          |       |     2 |       ||     2
  Eat: Ration            |       |       |     1 ||     1
Armor: Leather armour    |    20 |    20 |     3 ||    43
       Robe              |     2 |       |       ||     2
Dodge: Dodged            |    36 |    65 |    12 ||   113

Table legend:
 A = Non-vault XP
 B = Vault XP
 C = Vault XP percentage of total XP
 D = Non-vault monster count
 E = Vault monster count
 F = Vault count percentage of total count
                 A         B        C        D         E       F
            +---------+---------+-------+---------+---------+-------
      Total |     695 |       3 |   0.4 |      68 |       2 |   2.9
            +---------+---------+-------+---------+---------+-------
        D:1 |      24 |       0 |   0.0 |      14 |       0 |   0.0
        D:2 |      38 |       3 |   7.3 |      14 |       2 |  12.5
        D:3 |     130 |       0 |   0.0 |      17 |       0 |   0.0
        D:4 |     308 |       0 |   0.0 |      11 |       0 |   0.0
        D:5 |     192 |       0 |   0.0 |      11 |       0 |   0.0
     Temple |       3 |       0 |   0.0 |       1 |       0 |   0.0
            +---------+---------+-------+---------+---------+-------
